 Dungeon Crawl Stone Soup version 0.21-a0-270-g8204059 (webtiles) character file.

70 4thArraOfDagon the Sneak (level 4, -1/31 HPs)
             Began as an Octopode Enchanter on Sept 14, 2017.
             Succumbed to kobold's curare-tipped needle
             ... on level 3 of the Dungeon.
             The game lasted 00:04:22 (771 turns).

4thArraOfDagon the Sneak (Octopode Enchanter)        Turns: 771, Time: 00:04:23

Health: -1/31      AC:  3    Str:  9    XL:     4   Next: 22%
Magic:  11/16      EV: 13    Int: 18    God:
Gold:   42         SH:  0    Dex: 12    Spells: 1/7 levels left

rFire    . . .     SeeInvis .   a - +1 dagger
rCold    . . .     Gourm    .   (no shield)
rNeg     . . .     Faith    .   (helmet restricted)
rPois    .         Spirit   .   (no amulet)
rElec    .         Reflect  .   f - ring of magical power
rCorr    .         Harm     .   m - ring of teleportation
MR       .....     Rnd*Tele +   p - ring of loudness
Stlth    ++........             (no ring)
HPRegen  0.10/turn              (no ring)
MPRegen  0.15/turn              (no ring)
                                (no ring)
                                (no ring)

@: lethally poisoned (-1 -> -23), slowed, very slow
A: almost no armour, stealthy swim, amphibious, 8 rings, constrict 8, yellow
scales 1, camouflage 1, strong 1, gelatinous body 1
a: no special abilities


You were on level 3 of the Dungeon.
You were not hungry.

You visited 2 branches of the dungeon, and saw 5 of its levels.

You collected 42 gold pieces.

Inventory:

Hand Weapons
 a - a +1 dagger (weapon)
Jewellery
 f - a ring of magical power (left tentacle)
 m - a ring of teleportation (right tentacle)
 p - a ring of loudness (on tentacle)
Wands
 l - a wand of random effects (24/48)
Scrolls
 n - a scroll of teleportation
Potions
 j - a potion of heal wounds {unknown}
Books
 b - a book of Maledictions

   Spells                             Type                      Level
   a - Corona                         Hexes                        1
   b - Ensorcelled Hibernation        Hexes/Ice                    2
   c - Confuse                        Hexes                        3
   d - Tukima's Dance                 Hexes                        3
   e - Dazzling Spray                 Conjuration/Hexes            3
 d - a book of Cantrips

   Spells                             Type                      Level
   a - Confusing Touch                Hexes                        1
   b - Animate Skeleton               Necromancy                   1
   c - Summon Small Mammal            Summoning                    1
   d - Apportation                    Translocation                1
Comestibles
 c - a bread ration
 g - a meat ration
 h - a chunk of flesh
 i - 2 royal jellies


   Skills:
 - Level 3.0 Fighting
 * Level 2.1 Short Blades
 - Level 2.1 Dodging
 - Level 4.0 Stealth
 - Level 2.0 Spellcasting
 - Level 3.0 Hexes


You had one spell level left.
You knew the following spells:

 Your Spells              Type           Power        Failure   Level  Hunger
a - Corona                Hex            ##.....      5%          1    #......
b - Ensorcelled Hibernat  Hex/Ice        #.....       14%         2    ###....
c - Confuse               Hex            ##......     16%         3    ###....


Dungeon Overview and Level Annotations

Branches:
Dungeon (4/15)             Temple (1/1) D:4

Altars:
Elyvilon
Nemelex Xobeh
Okawaru
Ru
Trog
Vehumet
Xom
Yredelemnul
The Shining One

Annotations:
D:3 4thArraOfDagon's ghost, amateur OpEn


Innate Abilities, Weirdness & Mutations

You cannot wear most types of armour.
You are very stealthy in the water. (Stealth+)
You are amphibious.
You can wear up to eight rings at the same time.
You can use your tentacles to constrict eight enemies at once.
Your skin changes colour to match your surroundings (Stealth+).
Your rubbery body absorbs attacks. (AC +1, EV +1)
You are partially covered in yellow scales. (AC +2)
Your muscles are strong. (Str +2)


Message History

You have difficulty breathing.
You feel as though you will be slow longer.
You see here a curare-tipped needle.
You feel sick.
The kobold shoots a curare-tipped needle.
The curare-tipped needle hits you.
You are more poisoned.
You have difficulty breathing.
* * * LOW HITPOINT WARNING * * *
You feel as though you will be slow longer.
Unknown command.
* * * LOW HITPOINT WARNING * * *
You feel very sick.
Unknown command.
Unknown command.
Unknown command.
It was a potion of mutation.
You feel extremely strange.
Yellow scales grow over part of your body.
You feel stronger.
You die...

#### ###.# #.. . #
#.##.##.
#########h##.##.##.
#.......†.$........
#..#(####K##.#....#
#.###(....##.#..#.##
#..#.####...........
#@####...###......
#.###.....##......
#..........#......
#####......#.#.o.#
##...#.#.##.##
####.##.#.##...
......)......##
#......#### ####.###


There were no monsters in sight!

Vanquished Creatures
  An orc wizard (D:3)
  2 adders (D:3)
  An adder skeleton (D:4)
  3 orcs (D:3)
  3 bats
  A goblin (D:3)
  A hobgoblin (D:3)
  A quokka (D:3)
  A frilled lizard (D:2)
  2 kobolds
  6 rats
22 creatures vanquished.

Notes
Turn   | Place    | Note
-------+----------+-------------------------------------------
     0 | D:1      | 4thArraOfDagon the Octopode Enchanter began the quest for the Orb.
     0 | D:1      | Reached XP level 1. HP: 11/11 MP: 3/3
   131 | D:3      | Noticed 4thArraOfDagon's ghost (amateur OpEn)
   131 | D:3      | Reached XP level 2. HP: 4/17 MP: 3/5
   205 | D:4      | Noticed a phantom
   205 | D:4      | Found a staircase to the Ecumenical Temple.
   215 | Temple   | Entered the Ecumenical Temple
   361 | D:4      | Found a radiant altar of Vehumet.
   394 | D:2      | Learned a level 2 spell: Ensorcelled Hibernation
   566 | D:3      | Reached skill level 1 in Fighting
   566 | D:3      | Reached XP level 3. HP: 23/23 MP: 6/6
   584 | D:3      | Learned a level 3 spell: Confuse
   708 | D:3      | Reached XP level 4. HP: 21/30 MP: 4/7
   771 | D:3      | Gained mutation: You are partially covered in yellow scales. (AC +2) [potion of mutation]
   771 | D:3      | Gained mutation: Your muscles are strong. (Str +2) [potion of mutation]
   771 | D:3      | Succumbed to kobold's curare-tipped needle

Vault maps used:
D:1:      dpeg_arrival_renting, minmay_misc_feat_roman
D:2:      st_stairs_7
D:3:      minitemple, chequers_ecumenical_altar_twisty
D:4:      lemuel_doored_altar, minmay_temple_entry_water_ring, first_bread,
          serial_shops, shop, vehumet_altar_wand_db
Temple:   jpeg_temple_island

Skill      XL: |  1  2  3  4 |
---------------+-------------+-----
Short Blades   | 2 |  2.1
Fighting       | 1 2 3 |  3.0
Dodging        | |  2.1
Stealth        | |  4.0
Spellcasting   | |  2.0
Hexes          | |  3.0

Action                   |  1- 3 |  4- 6 || total
-------------------------+-------+-------++-------
Melee: Dagger            |    33 |     9 ||    42
       Constrict         |     6 |     2 ||     8
       Tentacles         |     1 |     1 ||     2
 Cast: Corona            |     3 |       ||     3
       Ensorcelled Hiber |     9 |     1 ||    10
  Use: Scroll            |       |     4 ||     4
       Potion            |       |     1 ||     1
 Stab: Sleeping          |     9 |     1 ||    10
  Eat: Chunk             |       |     1 ||     1
Armor: Skin              |     2 |     1 ||     3
Dodge: Dodged            |    32 |     7 ||    39

Table legend:
 A = Spawn XP
 B = Non-spawn XP
 C = Spawn XP percentage of total XP
 D = Spawn monster count
 E = Non-spawn monster count
 F = Spawn count percentage of total count
 G = Total turns spent on level
                    A         B        C        D         E        F      G
               +---------+---------+-------+---------+---------+-------+---------
         Total |       0 |     101 |   0.0 |       0 |      22 |   0.0 |   771
               +---------+---------+-------+---------+---------+-------+---------
           D:2 |       0 |       8 |   0.0 |       0 |       7 |   0.0 |   225
           D:3 |       0 |      88 |   0.0 |       0 |      14 |   0.0 |   262
           D:4 |       0 |       5 |   0.0 |       0 |       1 |   0.0 |   145
               +---------+---------+-------+---------+---------+-------+---------
